 Dungeon Crawl Stone Soup version 0.27-a0-660-g90476cec82 (webtiles) character file.

Game seed: 17795497608526753446

4 daervis the Skirmisher (level 1, 0/20 HPs)
             Began as a Minotaur Fighter on Mar 16, 2021.
             Succumbed to a kobold's poison
             ... on level 1 of the Dungeon.
             The game lasted 00:01:00 (76 turns).

daervis the Skirmisher (Minotaur Fighter)             Turns: 76, Time: 00:01:01

Health: 0/20       AC:  7    Str: 20    XL:     1   Next: 50%
Magic:  0/0        EV:  7    Int:  5    God:
Gold:   0          SH:  9    Dex:  9    Spells: 0/0 levels left

rFire    . . .     SeeInvis .   a - +0 trident
rCold    . . .     Faith    .   c - +0 kite shield
rNeg     . . .     Spirit   .   b - +0 scale mail
rPois    .         Reflect  .   (helmet restricted)
rElec    .         Harm     .   (no cloak)
rCorr    .         Rampage  .   (no gloves)
Will     .....                  (no boots)
Stlth    ..........             (no amulet)
HPRegen  0.06/turn              (no ring)
MPRegen  0.07/turn              (no ring)

@: lethally poisoned (0 -> -7)
A: horns 2, retaliatory headbutt
a: no special abilities


You were on level 1 of the Dungeon.
You visited 1 branch of the dungeon, and saw 2 of its levels.

Inventory:

Hand Weapons
 a - a +0 trident (weapon)
Armour
 b - a +0 scale mail (worn)
 c - a +0 kite shield (worn)
Potions
 d - a potion of might


   Skills:
 + Level 3.7 Fighting
 * Level 2.5 Polearms
 + Level 3.7 Armour
 + Level 3.7 Shields


You couldn't memorise any spells.
You didn't know any spells.
Your spell library was empty.

Dungeon Overview and Level Annotations

Branches:
Dungeon (2/15)

Altars:


Innate Abilities, Weirdness & Mutations

You have a pair of horns on your head.
You reflexively headbutt those who attack you in melee.


Message History

You barely miss the bat. The bat completely misses you.
You furiously retaliate!
You headbutt the bat, but do no damage.
Reach: a) +0 trident
Press: ? - help, Dir - move target, f/p - bat
Aim: a bat (about 63% to evade your +0 trident)
You hit the bat.
You kill the bat!
The kobold hits you with a +0 short sword of venom.
You are poisoned.
You barely miss the kobold.
You feel sick.
The kobold hits you with a +0 short sword of venom.
You are lethally poisoned!
You puncture the kobold!
You kill the kobold!
You feel sick.
You feel sick.
The frilled lizard hisses angrily.
You see here a +0 short sword of venom.
There is a lethal amount of poison in your body!
There is a lethal amount of poison in your body!
There is a lethal amount of poison in your body!
You feel sick.
You feel sick.
You feel sick.
* * * LOW HITPOINT WARNING * * *
You feel sick.
* * * LOW HITPOINT WARNING * * *
You feel sick.
You see here a scroll labelled NUIWOI LE TIRE.
* * * LOW HITPOINT WARNING * * *
You feel sick.
* * * LOW HITPOINT WARNING * * *
You feel sick.
* * * LOW HITPOINT WARNING * * *
You feel sick.
* * * LOW HITPOINT WARNING * * *
You feel sick.
You hit the frilled lizard.
You kill the frilled lizard!
You die...

###########.
#..?........
#........... ≈.
#........... l.P♣♣
#@..........
≈≈.≈♣≈##.).........
≈P.≈P≈≈#...........
P≈.≈P≈P..(.........
≈≈.≈≈≈≈..##########
P.≈PP♣..# P.≈lP♣..#
≈.≈≈♣...# ♣.≈ #.>.#


There were no monsters in sight!

Vanquished Creatures
  A kobold (D:1)
  2 bats (D:1)
  A frilled lizard (D:1)
  A rat (D:1)
5 creatures vanquished.

Vanquished Creatures (others)
  2 plants (D:1)
2 creatures vanquished.

Grand Total: 7 creatures vanquished

Notes
Turn   | Place    | Note
-------+----------+-------------------------------------------
     0 | D:1      | daervis the Minotaur Fighter began the quest for the Orb.
     0 | D:1      | Reached XP level 1. HP: 19/19 MP: 0/0
    74 | D:1      | HP: 1/20 [poisoned by a kobold]
    76 | D:1      | Succumbed to a kobold's poison

Illustrated notes

Levels and vault maps discovered:
D:1:      evilmike_arrival_crescent, layout_basic, serial_bayou_lagoon_b
D:2:      layout_basic, minmay_goblin_outpost, uniq_robin

Action                   || total
-------------------------++-------
Melee: Trident           ||    10
Armor: Scale mail        ||     2
Dodge: Dodged            ||     4
Block: Kite shield       ||     6

Table legend: (Time is in decaauts)
 A = Elapsed time spent in this place.
 B = Non-inter-level travel time spent in this place.
 C = Inter-level travel time spent in this place.
 D = Time resting spent in this place.
 E = Time spent auto-exploring this place.
 F = Levels seen in this place.
 G = Mean time per level.
                   A        B        C        D        E       F      G
               +--------+--------+--------+--------+--------+-----+--------+
         Total |     80 |     80 |      0 |      0 |     33 |   2 |   40.0 |
       Dungeon |     80 |     80 |      0 |      0 |     33 |   2 |   40.0 |
               +--------+--------+--------+--------+--------+-----+--------+

Top non-repeatable levels by time:
     D:1: 78 daAuts
     D:2: 1 daAuts
